[ AOE2 MATCH · #505588193 ]
UnrankedJapanese vs Portuguese
Player's team · WIN
Rival team · LOSS
[ REPLAY ANALYSIS · EXTRACTED FROM THE RECORDED GAME ]
Feudal
15:05
Castle
22:27
Imperial
38:50
| APM avg | 47.8 |
| APM peak | 108 |
| eAPM avg | 27.9 |
| Villagers / military | 159 / 69 |
Focus
⚔️ 30.4% · 🌾 69.6%
Militia ×37 · Scout Cavalry ×19 · Mangonel ×6 · Battering Ram ×5 · Samurai ×1 · Trebuchet (Packed) ×1
Feudal
11:29
Castle
16:52
Imperial
—
| APM avg | 50.1 |
| APM peak | 82 |
| eAPM avg | 17.4 |
| Villagers / military | 83 / 64 |
Focus
⚔️ 33.1% · 🌾 66.9%
Organ Gun ×44 · Monk ×20
Match map
Initial resources + every placement click. Lines = walls · curves = elevation contours. ◆ gold · ⬟ stone · ● berries · ✦ relic · ◌ wall gap
Your base· Open — unwalled flank
MiniTurtle's base· Open — unwalled flank
Smoothed initial terrain · ◌ = detected wall gap · hover for details
Inputs per minute
— eduv - - MiniTurtle
Build order — eduv
First 150 of 439 actions detected
| 0:02 | Create | Villager (Male) |
| 0:02 | Create | Villager (Male) |
| 0:03 | Build | House |
| 0:05 | Build | House |
| 0:18 | Create | Villager (Male) |
| 0:18 | Create | Villager (Male) |
| 1:27 | Create | Villager (Male) |
| 1:27 | Create | Villager (Male) |
| 2:06 | Create | Villager (Male) |
| 2:06 | Create | Villager (Male) |
| 2:24 | Create | Villager (Male) |
| 2:24 | Create | Villager (Male) |
| 2:45 | Create | Villager (Male) |
| 2:45 | Create | Villager (Male) |
| 2:46 | Create | Villager (Male) |
| 3:17 | Create | Villager (Male) |
| 3:17 | Create | Villager (Male) |
| 3:17 | Create | Villager (Male) |
| 3:17 | Create | Villager (Male) |
| 3:33 | Build | House |
| 4:12 | Create | Villager (Male) |
| 4:13 | Create | Villager (Male) |
| 4:29 | Create | Villager (Male) |
| 4:31 | Build | Barracks |
| 4:31 | Create | Villager (Male) |
| 4:32 | Create | Villager (Male) |
| 5:06 | Create | Villager (Male) |
| 5:07 | Create | Villager (Male) |
| 5:14 | Build | Lumber Camp |
| 5:28 | Create | Militia |
| 5:28 | Create | Militia |
| 5:48 | Create | Villager (Male) |
| 5:49 | Create | Militia |
| 5:50 | Create | Militia |
| 5:50 | Create | Militia |
| 6:08 | Build | House |
| 6:46 | Create | Militia |
| 6:48 | Create | Villager (Male) |
| 6:48 | Create | Villager (Male) |
| 6:48 | Create | Villager (Male) |
| 6:56 | Build | Mining Camp |
| 7:27 | Create | Militia |
| 7:37 | Create | Villager (Male) |
| 7:48 | Build | House |
| 7:59 | Build | Mill |
| 8:12 | Build | Mill |
| 8:17 | Build | House |
| 8:19 | Create | Militia |
| 8:22 | Create | Villager (Male) |
| 8:22 | Create | Villager (Male) |
| 8:22 | Create | Villager (Male) |
| 8:38 | Create | Militia |
| 8:38 | Create | Militia |
| 8:38 | Create | Militia |
| 9:13 | Create | Militia |
| 9:13 | Create | Militia |
| 9:34 | Create | Villager (Male) |
| 9:35 | Create | Villager (Male) |
| 9:39 | Build | Farm |
| 9:40 | Build | Farm |
| 9:44 | Build | House |
| 10:19 | Build | House |
| 10:21 | Create | Militia |
| 10:22 | Create | Villager (Male) |
| 10:26 | Build | Farm |
| 10:28 | Build | Farm |
| 10:35 | Create | Villager (Male) |
| 10:40 | Create | Militia |
| 10:48 | Build | House |
| 10:50 | Create | Villager (Male) |
| 10:57 | Build | Farm |
| 11:03 | Build | Farm |
| 11:09 | Create | Villager (Male) |
| 11:32 | Create | Militia |
| 11:44 | Build | House |
| 11:53 | Create | Villager (Male) |
| 11:55 | Build | Farm |
| 12:04 | Build | Farm |
| 12:05 | Research | Loom |
| 12:24 | Build | House |
| 12:32 | Build | Farm |
| 12:55 | Research | Feudal Age |
| 12:55 | Research | Feudal Age |
| 13:08 | Build | House |
| 13:59 | Build | House |
| 14:18 | Create | Villager (Male) |
| 14:22 | Build | Barracks |
| 15:05 | Age | Feudal Age |
| 15:06 | Research | Arson |
| 15:06 | Research | Arson |
| 15:07 | Research | Man-at-Arms (upgrade) |
| 15:07 | Research | Man-at-Arms (upgrade) |
| 15:07 | Research | Man-at-Arms (upgrade) |
| 15:19 | Build | Blacksmith |
| 15:24 | Research | Double-Bit Axe |
| 15:24 | Research | Double-Bit Axe |
| 15:25 | Research | Horse Collar |
| 15:26 | Research | Horse Collar |
| 15:27 | Create | Villager (Male) |
| 15:38 | Create | Militia |
| 15:46 | Build | House |
| 16:08 | Create | Militia |
| 16:09 | Create | Militia |
| 16:11 | Create | Villager (Male) |
| 16:13 | Research | Scale Mail Armor |
| 16:29 | Build | House |
| 16:30 | Create | Villager (Male) |
| 16:31 | Build | Farm |
| 16:32 | Build | Farm |
| 16:32 | Build | Farm |
| 16:32 | Build | Farm |
| 17:09 | Create | Villager (Male) |
| 17:09 | Create | Villager (Male) |
| 18:00 | Create | Villager (Male) |
| 18:00 | Create | Villager (Male) |
| 18:02 | Build | Farm |
| 18:03 | Build | Farm |
| 18:04 | Build | Farm |
| 18:52 | Build | Lumber Camp |
| 18:54 | Build | Lumber Camp |
| 19:12 | Create | Villager (Male) |
| 19:16 | Build | Market |
| 19:47 | Research | Castle Age |
| 19:48 | Research | Castle Age |
| 20:08 | Create | Militia |
| 20:08 | Create | Militia |
| 20:21 | Build | Mining Camp |
| 20:56 | Create | Villager (Male) |
| 21:57 | Create | Villager (Male) |
| 22:09 | Research | Gold Mining |
| 22:09 | Research | Gold Mining |
| 22:27 | Age | Castle Age |
| 22:32 | Build | Town Center |
| 22:34 | Build | Siege Workshop |
| 22:38 | Research | Bow Saw |
| 22:38 | Research | Bow Saw |
| 22:38 | Research | Bow Saw |
| 22:38 | Research | Bow Saw |
| 22:39 | Research | Bow Saw |
| 22:42 | Create | Villager (Male) |
| 22:58 | Create | Militia |
| 22:58 | Create | Militia |
| 23:14 | Build | Palisade Wall |
| 23:19 | Create | Mangonel |
| 23:22 | Create | Villager (Male) |
| 23:45 | Create | Villager (Male) |
| 23:46 | Create | Villager (Male) |
| 23:46 | Create | Villager (Male) |
| 24:07 | Research | Long Swordsman (upgrade) |
| 24:08 | Research | Squires |
Build order — MiniTurtle
First 150 of 223 actions detected
| 0:01 | Create | Villager (Male) |
| 0:01 | Create | Villager (Male) |
| 0:02 | Build | House |
| 0:03 | Build | House |
| 0:06 | Create | Villager (Male) |
| 0:06 | Create | Villager (Male) |
| 1:29 | Create | Villager (Male) |
| 2:03 | Build | Mill |
| 2:07 | Build | Mill |
| 2:11 | Create | Villager (Male) |
| 2:11 | Create | Villager (Male) |
| 2:13 | Create | Villager (Male) |
| 3:03 | Create | Villager (Male) |
| 3:04 | Create | Villager (Male) |
| 3:14 | Create | Villager (Male) |
| 3:41 | Create | Villager (Male) |
| 3:53 | Build | House |
| 4:00 | Create | Villager (Male) |
| 4:02 | Build | House |
| 4:11 | Create | Villager (Male) |
| 4:43 | Create | Villager (Male) |
| 5:07 | Create | Villager (Male) |
| 5:22 | Create | Villager (Male) |
| 5:39 | Build | Lumber Camp |
| 5:48 | Create | Villager (Male) |
| 5:56 | Build | Lumber Camp |
| 5:59 | Create | Villager (Male) |
| 6:04 | Create | Villager (Male) |
| 6:12 | Build | House |
| 6:17 | Research | Loom |
| 6:26 | Build | House |
| 6:57 | Create | Villager (Male) |
| 7:12 | Create | Villager (Male) |
| 7:20 | Create | Villager (Male) |
| 7:32 | Create | Villager (Male) |
| 7:53 | Create | Villager (Male) |
| 7:57 | Create | Villager (Male) |
| 8:21 | Build | Palisade Wall |
| 8:40 | Create | Villager (Male) |
| 8:42 | Build | Farm |
| 9:02 | Build | Mining Camp |
| 9:19 | Research | Feudal Age |
| 9:24 | Build | House |
| 9:45 | Create | Villager (Male) |
| 10:12 | Build | Farm |
| 10:28 | Build | Farm |
| 11:01 | Build | Palisade Wall |
| 11:11 | Build | House |
| 11:13 | Build | Palisade Wall |
| 11:29 | Age | Feudal Age |
| 11:46 | Build | Market |
| 13:27 | Build | Blacksmith |
| 13:52 | Build | House |
| 14:12 | Research | Castle Age |
| 14:32 | Research | Double-Bit Axe |
| 14:59 | Build | House |
| 15:46 | Build | House |
| 16:24 | Build | Farm |
| 16:25 | Create | Villager (Male) |
| 16:32 | Build | Farm |
| 16:35 | Build | Farm |
| 16:51 | Build | House |
| 16:52 | Age | Castle Age |
| 16:53 | Create | Villager (Male) |
| 16:56 | Build | Castle |
| 17:17 | Build | Castle |
| 17:24 | Create | Villager (Male) |
| 17:24 | Create | Villager (Male) |
| 17:27 | Build | Farm |
| 18:26 | Build | Farm |
| 18:45 | Create | Villager (Male) |
| 19:44 | Build | House |
| 20:00 | Create | Organ Gun |
| 20:13 | Create | Villager (Male) |
| 20:13 | Create | Villager (Male) |
| 20:28 | Build | Palisade Wall |
| 21:01 | Create | Organ Gun |
| 21:08 | Build | Mining Camp |
| 21:33 | Create | Organ Gun |
| 21:42 | Create | Villager (Male) |
| 21:52 | Create | Villager (Male) |
| 22:07 | Create | Organ Gun |
| 22:09 | Create | Villager (Male) |
| 22:40 | Create | Organ Gun |
| 22:55 | Build | House |
| 22:56 | Create | Villager (Male) |
| 23:05 | Build | Palisade Wall |
| 23:06 | Build | Palisade Wall |
| 23:09 | Build | Palisade Wall |
| 23:34 | Build | Monastery |
| 23:35 | Create | Villager (Male) |
| 23:44 | Create | Organ Gun |
| 23:48 | Create | Organ Gun |
| 24:21 | Research | Sanctity |
| 24:21 | Create | Organ Gun |
| 24:24 | Build | House |
| 24:26 | Build | House |
| 24:37 | Create | Villager (Male) |
| 24:38 | Create | Monk |
| 24:48 | Build | Farm |
| 24:57 | Create | Organ Gun |
| 25:03 | Create | Villager (Male) |
| 25:19 | Build | Palisade Wall |
| 25:20 | Build | Palisade Wall |
| 25:21 | Build | Palisade Wall |
| 25:28 | Create | Organ Gun |
| 25:35 | Build | Palisade Wall |
| 25:41 | Create | Villager (Male) |
| 25:58 | Create | Monk |
| 26:24 | Research | Redemption |
| 26:25 | Create | Villager (Male) |
| 26:25 | Create | Villager (Male) |
| 27:03 | Create | Monk |
| 27:04 | Create | Monk |
| 27:05 | Create | Monk |
| 27:12 | Create | Villager (Male) |
| 27:12 | Create | Villager (Male) |
| 27:29 | Create | Villager (Male) |
| 27:37 | Create | Organ Gun |
| 27:49 | Create | Monk |
| 27:52 | Create | Organ Gun |
| 28:07 | Create | Organ Gun |
| 28:21 | Create | Organ Gun |
| 28:36 | Create | Villager (Male) |
| 28:40 | Build | Outpost |
| 28:49 | Create | Organ Gun |
| 28:50 | Create | Monk |
| 29:29 | Create | Monk |
| 29:35 | Build | Farm |
| 29:36 | Create | Organ Gun |
| 30:00 | Create | Organ Gun |
| 30:05 | Create | Monk |
| 30:11 | Create | Villager (Male) |
| 30:11 | Create | Villager (Male) |
| 30:11 | Create | Organ Gun |
| 30:20 | Create | Monk |
| 30:21 | Create | Villager (Male) |
| 30:30 | Create | Monk |
| 30:50 | Build | Palisade Wall |
| 30:51 | Create | Villager (Male) |
| 30:53 | Build | House |
| 30:59 | Create | Organ Gun |
| 31:05 | Create | Organ Gun |
| 31:19 | Create | Organ Gun |
| 31:58 | Create | Organ Gun |
| 32:21 | Create | Villager (Male) |
| 32:32 | Create | Villager (Male) |
| 32:45 | Build | House |
| 32:46 | Build | House |
| 32:47 | Create | Organ Gun |
Match timeline
| 4:31 | eduv · first_building Barracks |
| 8:21 | MiniTurtle · wall_segment Palisade Wall x1 |
| 11:01 | MiniTurtle · wall_segment Palisade Wall x1 |
| 11:13 | MiniTurtle · wall_segment Palisade Wall x1 |
| 11:29 | MiniTurtle · age_up feudal |
| 12:50 | MiniTurtle · first_market_sell 100 stone |
| 15:05 | eduv · age_up feudal |
| 16:52 | MiniTurtle · age_up castle |
| 16:56 | MiniTurtle · first_building Castle |
| 20:28 | MiniTurtle · wall_segment Palisade Wall x1 |
| 22:27 | eduv · age_up castle |
| 22:34 | eduv · first_building Siege Workshop |
| 23:05 | MiniTurtle · wall_segment Palisade Wall x2 |
| 23:06 | MiniTurtle · wall_segment Palisade Wall x3 |
| 23:09 | MiniTurtle · wall_segment Palisade Wall x3 |
| 23:14 | eduv · wall_segment Palisade Wall x1 |
| 23:32 | MiniTurtle · first_market_buy 100 wood |
| 23:34 | MiniTurtle · first_building Monastery |
| 25:19 | MiniTurtle · wall_segment Palisade Wall x1 |
| 25:20 | MiniTurtle · wall_segment Palisade Wall x1 |
| 25:21 | MiniTurtle · wall_segment Palisade Wall x1 |
| 25:35 | MiniTurtle · wall_segment Palisade Wall x1 |
| 27:23 | eduv · first_market_buy 100 food |
| 28:24 | eduv · first_building Monastery |
| 30:50 | MiniTurtle · wall_segment Palisade Wall x1 |
| 32:24 | eduv · first_building Stable |
| 36:30 | MiniTurtle · wall_segment Palisade Wall x1 |
| 36:31 | MiniTurtle · wall_segment Palisade Wall x1 |
| 38:50 | eduv · age_up imperial |
| 40:29 | eduv · first_building Castle |
| 42:32 | MiniTurtle · resign |
[ AI ANALYSIS · 1 CREDIT ]
What really happened in this match?
Wolo.gg analyzes every decision: build order, eco, micro, common mistakes by bracket. Personalized analysis on WhatsApp or Discord in 30 seconds.
Civ guide
Japanese
Perfil
eduv